 Dungeon Crawl Stone Soup version 0.29.0-4-gdea44cf6ec (webtiles) character file.

Game seed: 3836572699558047478

25 qw the Vexing (level 3, 0/35 HPs)
             Began as an Ogre Enchanter on Sept 3, 2022.
             Slain by Sigmund
             ... wielding a +0 scythe
              (3 damage)
             ... on level 2 of the Dungeon.
             The game lasted 00:00:43 (1631 turns).

qw the Vexing (Ogre Enchanter)                      Turns: 1631, Time: 00:00:44

Health: 0/35       AC:  3    Str: 14    XL:     3   Next: 4%
Magic:  6/6        EV:  9    Int: 16    God:
Gold:   33         SH:  0    Dex:  9    Spells: 6/6 levels left

rFire   . . .      SeeInvis .   Y - +1 short sword
rCold   . . .      Faith    .   (no shield)
rNeg    . . .      Spirit   .   b - +0 robe
rPois   .          Reflect  .   (helmet restricted)
rElec   .          Harm     .   (no cloak)
rCorr   .          Rampage  .   (gloves unavailable)
Will    .....                   (boots unavailable)
Stlth   ++........              (no amulet)
HPRegen 0.11/turn               (no ring)
MPRegen 0.10/turn               (no ring)

@: no status effects
A: large, unfitting armour, tough skin 1
a: no special abilities


You were on level 2 of the Dungeon.
You visited 1 branch of the dungeon, and saw 2 of its levels.

You collected 33 gold pieces.


Innate Abilities, Weirdness & Mutations

You are too large for most types of armour.
You have tough skin. (AC +1)


   Skills:
 + Level 1.7 Fighting
 - Level 0.8 Short Blades
 - Level 2.1 Axes
 - Level 1.7 Dodging
 - Level 2.1 Stealth
 - Level 2.4 Spellcasting
 - Level 2.6 Hexes


You had 6 spell levels left.
You didn't know any spells.
Your spell library contained the following spells:

 Spells                   Type           Power      Damage    Failure   Level
 Ensorcelled Hibernation  Hex/Ice        12%        N/A       17%         2
 Confusing Touch          Hex            10%        N/A       21%         3
 Tukima's Dance           Hex            10%        N/A       21%         3
 Dazzling Flash           Conj/Hex       12%        N/A       34%         3

Inventory:

Hand Weapons
 Y - a +1 short sword (weapon)
Missiles
 e - 4 boomerangs (quivered)
Armour
 b - a +0 robe (worn)
Jewellery
 a - a +4 ring of protection
Scrolls
 c - a scroll of poison {unknown}
Potions
 f - a potion of curing {unknown}
 g - a potion of degeneration {unknown}

Dungeon Overview and Level Annotations

Branches:
Dungeon (2/15)

Altars:

Annotations:
D:2 Sigmund


Message History

You see here 3 stones.
Found a stone staircase leading down.
Sigmund the Dreaded comes into view.
He is wielding a +0 scythe.
Sigmund shouts!
Sigmund hits you from afar with a +0 scythe.
Sigmund hits you with a +0 scythe.
You closely miss Sigmund. You hit Sigmund but do no damage.
Sigmund hits you with a +0 scythe.
You hit Sigmund.
Sigmund is lightly wounded.
Sigmund points at you and mumbles some strange words.
The magic dart hits you!
You hit Sigmund but do no damage.
Sigmund is lightly wounded.
Sigmund hits you with a +0 scythe!
You hit Sigmund.
Sigmund is lightly wounded.
Sigmund hits you with a +0 scythe.
You hit Sigmund.
Sigmund is moderately wounded.
You hit Sigmund but do no damage.
Sigmund is moderately wounded.
Sigmund flickers, as though insubstantial.
Sigmund hits you but does no damage.
You hit Sigmund.
Sigmund is moderately wounded.
Sigmund closely misses you.
You hit Sigmund but do no damage.
Sigmund is moderately wounded.
You barely miss Sigmund. Your punch misses Sigmund.
Sigmund is moderately wounded.
Sigmund closely misses you.
You closely miss Sigmund.
Sigmund is moderately wounded.
Sigmund drinks a potion.
Sigmund seems to speed up.
You hit Sigmund.
Sigmund is heavily wounded.
Sigmund hits you with a +0 scythe.
You die...

#. ##. ... # #..
#.#.# # #.#.###.#
#....@@.#
###.##### #.# #.#
####.########
#...........#
#.##.###.##.# ...
#.##.# #.##.# ...
#.##.###.##.####.#


You could see Sigmund (fast).

Vanquished Creatures
  2 dart slugs (D:1)
  A ball python (D:1)
  3 endoplasms (D:1)
  2 hobgoblins (D:1)
  3 quokkas
  2 bats (D:1)
  2 frilled lizards (D:1)
  3 kobolds (D:1)
  A rat (D:1)
19 creatures vanquished.

Notes
Turn   | Place    | Note
-------+----------+-------------------------------------------
     0 | D:1      | qw the Ogre Enchanter began the quest for the Orb.
     0 | D:1      | Reached XP level 1. HP: 16/16 MP: 3/3
     0 | D:1      | 0 ||| qw: Version: 0.1-a-102-g441f92d
     0 | D:1      | 0 ||| qw: Game counter: 5136
     0 | D:1      | 0 ||| qw: Always use a shield: true
     0 | D:1      | 0 ||| qw: God list: Okawaru
     0 | D:1      | 0 ||| qw: Allow faded altars: false
     0 | D:1      | 0 ||| qw: Do Orc after D:15 true
     0 | D:1      | 0 ||| qw: Do second Lair branch before Depths: true
     0 | D:1      | 0 ||| qw: Lair rune preference: random
     0 | D:1      | 0 ||| qw: Plans: Normal
     0 | D:1      | 0 ||| PLANNING D:1-11
    88 | D:1      | 88 ||| SWAPPING to +0 short sword.
    89 | D:1      | 89 ||| DROPPING +1 dagger.
   120 | D:1      | HP: 2/16 [frozen (4)]
   122 | D:1      | Reached skill level 1 in Axes
   488 | D:1      | 488 ||| Stepping ~*~*~tactically~*~*~ (stealth).
   504 | D:1      | Reached skill level 1 in Fighting
   504 | D:1      | Reached XP level 2. HP: 12/27 MP: 5/5
  1463 | D:1      | Reached XP level 3. HP: 33/33 MP: 6/6
  1531 | D:1      | 1531 ||| READING scroll labelled FEOSCH URITZU.
  1532 | D:1      | 1532 ||| READING scroll labelled FAPEASMOUF.
  1533 | D:1      | 1533 ||| DROPPING 2 potions of invisibility.
  1617 | D:2      | Noticed Sigmund
  1623 | D:2      | HP: 5/35 [Sigmund/+0 scythe (9)]
  1624 | D:2      | HP: 2/35 [Sigmund/+0 scythe (3)]
  1631 | D:2      | Slain by Sigmund

Levels and vault maps discovered:
D:1:      dpeg_arrival_shelter, layout_loops_ring, minmay_misc_feat_rugged
D:2:      layout_loops_corners, basic_altar, minmay_joined_circles, uniq_sigmund

Skill      XL: |  1  2 |
---------------+-------+-----
Axes           | 1 2 |  2.1
Fighting       | 1 |  1.7
Short Blades   | |  0.8
Dodging        | |  1.7
Stealth        | |  2.1
Spellcasting   | |  2.4
Hexes          | |  2.6

Action                   || total
-------------------------++-------
Melee: Short sword       ||    86
       Dagger            ||     7
       Punch             ||     1
Throw: Boomerang         ||     7
  Use: Scroll            ||     2
 Stab: Sleeping          ||     1
Armor: Robe              ||    27
Dodge: Dodged            ||    27

Table legend:
 A = Non-vault XP
 B = Vault XP
 C = Vault XP percentage of total XP
 D = Non-vault monster count
 E = Vault monster count
 F = Vault count percentage of total count
                 A         B        C        D         E       F
            +---------+---------+-------+---------+---------+-------
      Total |      36 |       0 |   0.0 |      19 |       0 |   0.0
            +---------+---------+-------+---------+---------+-------
        D:1 |      34 |       0 |   0.0 |      18 |       0 |   0.0
        D:2 |       2 |       0 |   0.0 |       1 |       0 |   0.0
            +---------+---------+-------+---------+---------+-------
